 Dungeon Crawl Stone Soup version 0.32-a0-953-g508020473e (webtiles) character file.

Game seed: 11553329694090555707

13 holysushi the Shooter (level 2, -2/22 HPs)
             Began as a Coglin Hunter on Apr 17, 2024.
             Slain by a gnoll
             ... wielding a +0 whip
              (6 damage)
             ... on level 2 of the Dungeon.
             The game lasted 00:00:18 (847 turns).

holysushi the Shooter (Coglin Hunter)                Turns: 847, Time: 00:00:18

Health: -2/22      AC:  3    Str: 11    XL:     2   Next: 37%
Magic:  2/2        EV: 11    Int:  8    God:
Gold:   83         SH:  0    Dex: 17    Spells: 1/1 levels left

rFire   . . .        a - +2 sling {Chitauli}
rCold   . . .        d - +0 sling {Luis}
rNeg    . . .        c - +0 leather armour
rPois   .            (no helmet)
rElec   .            (no cloak)
rCorr   .            (no gloves)
SInv    .            (no boots)
Will    .....        (amulet unavailable)
Stlth   ++           (ring unavailable)
HPRegen 0.23/turn    (ring unavailable)
MPRegen 0.08/turn    (no gizmo)

%: no passive effects
@: lethally poisoned (-2 -> -8)
A: off-hand wielding, slow wielding, warmup strikes, no jewellery
a: Invent Gizmo


You were on level 2 of the Dungeon.
You visited 1 branch of the dungeon, and saw 2 of its levels.

You collected 83 gold pieces.

Inventory:

Hand Weapons
 a - a +2 sling (weapon) {Chitauli}
 d - a +0 sling (offhand) {Luis}
Armour
 c - a +0 leather armour (worn)
Scrolls
 b - a scroll of butterflies
 e - a scroll of noise {unknown}
 f - a scroll of amnesia {unknown}
 h - 4 scrolls of identify {unknown}
Potions
 g - 2 potions of mutation {unknown}
 i - a potion of magic {unknown}


   Skills:
 - Level 2.0 Fighting
 + Level 4.2 Ranged Weapons
 - Level 1.7 Dodging
 - Level 0.7 Stealth


You had one spell level left.
You didn't know any spells.
Your spell library was empty.

Dungeon Overview and Level Annotations

Branches:
Dungeon (2/15) Zot: 11149

Altars:


Innate Abilities, Weirdness & Mutations

You can wield a second weapon in your off-hand.
It takes a long time for you to wield or remove held weapons.
Your first few attacks do less damage.
You cannot equip rings or amulets.


Message History

3 gnolls come into view.
A gnoll is wielding a +2 flail of venom.
A gnoll is wielding a +0 whip and quivering 2 throwing nets.
The gnoll shouts! x3
The gnoll throws a throwing net.
The throwing net hits you.
You become entangled in the net!
A gnoll comes into view. It is wielding a +0 whip.
You are held in a net!
There are monsters nearby!
You are held in a net!
There are monsters nearby!
You are held in a net!
There are monsters nearby!
You are held in a net!
There are monsters nearby!
You are held in a net!
You tear a large gash into the net.
You struggle against the net.
You rip the net and break free!
The gnoll throws a throwing net.
The throwing net hits you.
You become entangled in the net!
You struggle against the net.
The gnoll shouts!
You struggle against the net.
The gnoll barely misses you.
You struggle against the net.
The gnoll barely misses you.
You shred the net and break free! You shoot a sling bullet.
The sling bullet hits the gnoll.
The gnoll is moderately wounded.
You shoot a sling bullet. The sling bullet hits the gnoll.
The gnoll is severely wounded.
The gnoll closely misses you. The gnoll closely misses you.
The gnoll attacks as it pursues you!
The gnoll hits you with a +2 flail of venom!
You are poisoned.
You feel very sick. The gnoll hits you with a +0 whip.
* * * LOW HITPOINT WARNING * * *
The gnoll attacks as it pursues you! The gnoll misses you.
* * * LOW HITPOINT WARNING * * *
You feel sick. The gnoll attacks as it pursues you!
The gnoll hits you with a +0 whip.
You die...

##+## ##...##
##.....##
##.....).##
...####.........#
.....g'g........+
...####.g.......#
##g......##
##@....## ##...##
##'## #.# #.#
##.## #.##
####...## ...
..#.....# ..#
#.##...##


You could see 4 gnolls.

Vanquished Creatures
  2 ball pythons (D:1)
  An endoplasm (D:1)
  A giant cockroach (D:2)
  3 goblins (D:1)
  A kobold (D:1)
  2 bats (D:1)
  2 rats (D:1)
12 creatures vanquished.

Notes
Turn   | Place    | Note
-------+----------+-------------------------------------------
     0 | D:1      | holysushi the Coglin Hunter began the quest for the Orb.
     0 | D:1      | Reached XP level 1. HP: 16/16 MP: 1/1
    87 | D:1      | Found a faded altar of an unknown god.
   227 | D:1      | Reached skill level 4 in Ranged Weapons
   227 | D:1      | Reached XP level 2. HP: 22/22 MP: 2/2
   847 | D:2      | Slain by a gnoll

Illustrated notes

Levels and vault maps discovered:
D:1:      scummos_arrival_simple_fountains, layout_basic,
          ebering_ecumenical_altar_hall
D:2:      layout_loops_corners, uniq_natasha

Skill      XL: |  1 |
---------------+----+-----
Ranged Weapons | 4 |  4.2
Fighting       | |  2.0
Dodging        | |  1.7
Stealth        | |  0.7

Action                     || total
---------------------------++-------
   Fire: Sling             ||    28
 Armour: Leather armour    ||     3
  Dodge: Dodged            ||     5

Table legend: (Time is in decaauts)
 A = Elapsed time spent in this place.
 B = Non-inter-level travel time spent in this place.
 C = Inter-level travel time spent in this place.
 D = Time resting spent in this place.
 E = Time spent auto-exploring this place.
 F = Levels seen in this place.
 G = Mean time per level.
                   A        B        C        D        E       F      G
               +--------+--------+--------+--------+--------+-----+--------+
         Total |    850 |    800 |     50 |      0 |    740 |   2 |  425.0 |
       Dungeon |    850 |    800 |     50 |      0 |    740 |   2 |  425.0 |
               +--------+--------+--------+--------+--------+-----+--------+

Top non-repeatable levels by time:
     D:1: 766 daAuts
     D:2: 83 daAuts
